 Dungeon Crawl Stone Soup version 0.24-a0-415-g6d73c25 (webtiles) character file.

Game seed: 9532773346477258305

163 r3xj the Magician (level 5, 0/28 HPs)
             Began as a Deep Elf Wizard on June 7, 2019.
             Slain by a ball python (1 damage)
             ... on level 3 of the Dungeon.
             The game lasted 00:08:05 (2633 turns).

r3xj the Magician (Deep Elf Wizard)                 Turns: 2633, Time: 00:08:06

Health: 0/28       AC:  2    Str:  5    XL:     5   Next: 20%
Magic:  6/14       EV: 13    Int: 23    God:
Gold:   66         SH:  0    Dex: 13    Spells: 8/14 levels left

rFire    . . .     SeeInvis .   c - +0 whip
rCold    . . .     Gourm    .   (no shield)
rNeg     . . .     Faith    .   a - +0 robe
rPois    .         Spirit   .   b - +0 hat
rElec    .         Reflect  .   (no cloak)
rCorr    .         Harm     .   (no gloves)
MR       .....                  (no boots)
Stlth    ++........             (no amulet)
HPRegen  0.09/turn              (no ring)
MPRegen  0.14/turn              (no ring)

@: no status effects
A: no striking features
a: no special abilities


You were on level 3 of the Dungeon.
You were very hungry.

You visited 1 branch of the dungeon, and saw 3 of its levels.

You collected 66 gold pieces.

Inventory:

Hand Weapons
 c - a +0 whip (weapon)
 j - a +0 club
Armour
 a - a +0 robe (worn)
 b - a +0 hat (worn)
 r - a +2 ring mail of poison resistance
Jewellery
 g - a cursed ring of attention {unknown}
 h - an uncursed ring of positive energy {unknown}
Scrolls
 i - a scroll of teleportation {unknown}
 k - a scroll of fear {unknown}
 m - 2 scrolls of remove curse {unknown}
 n - a scroll of magic mapping {unknown}
 o - 2 scrolls of enchant armour {unknown}
 p - a scroll of identify {unknown}
 q - a scroll of amnesia {unknown}
Potions
 e - 3 potions of brilliance {unknown}
 f - a potion of curing {unknown}
 l - a potion of might {unknown}
Comestibles
 d - 2 rations


   Skills:
 - Level 3.3 Dodging
 - Level 3.4 Stealth
 - Level 5.0 Spellcasting
 * Level 4.2 Conjurations
 - Level 1.1 Summonings
   Level 1.1 Translocations


You had 8 spell levels left.
You knew the following spells:

 Your Spells              Type           Power        Failure   Level  Hunger
a - Magic Dart            Conj           ####         1%          1    None
b - Call Imp              Summ           ##......     9%          2    None
c - Mephitic Cloud        Conj/Pois/Air  ##......     16%         3    ##.....

Your spell library contained the following spells:

 Spells                   Type           Power        Failure   Level  Hunger
 Blink                    Tloc           N/A          9%          2    None
 Conjure Flame            Conj/Fire      ###.....     12%         3    ##.....
 Slow                     Hex            #.......     14%         2    None


Dungeon Overview and Level Annotations

Branches:
Dungeon (3/15)

Altars:
Cheibriados
Nemelex Xobeh
Trog

Annotations:
D:2 1 runed translucent door, Crazy Yiuf


Message History

Confirm with . or Enter, or press ? or * to list all spells.
Aiming: Magic Dart (safe; 1% risk of failure)
Press: ? - help, Shift-Dir - straight line, f/p - hobgoblin
Aim: a hobgoblin (almost dead)
The magic dart hits the hobgoblin but does no damage.
The hobgoblin is almost dead.
The ball python bites you.
* * * LOW HITPOINT WARNING * * *
The ball python misses you. The hobgoblin barely misses you.
The ball python closely misses you. The ball python misses you.
Your shadow imp barely misses the ball python.
Casting: Magic Dart (safe; 1% risk of failure)
Confirm with . or Enter, or press ? or * to list all spells.
Aiming: Magic Dart (safe; 1% risk of failure)
Press: ? - help, Shift-Dir - straight line, f/p - hobgoblin
Aim: a hobgoblin (almost dead)
The magic dart hits the hobgoblin!
You kill the hobgoblin!
The ball python bites you.
You die...

.. ..# .
.. #.# ..
.###.# #.
..#.#
###.#.#.##
.......)5
#.....S#
#....5@#
#.##.###
.. ... ...
.. .


You could see a ball python, a friendly crimson imp and a friendly shadow imp.

Vanquished Creatures
  An orc priest (D:2)
  3 gnolls
  2 adders (D:2)
  2 worms (D:2)
  2 dart slugs
  3 leopard geckos (D:2)
  An orc (D:2)
  4 bats
  6 goblins
  8 hobgoblins
  A quokka (D:2)
  A frilled lizard (D:2)
  5 kobolds
  4 rats
43 creatures vanquished.

Vanquished Creatures (collateral kills)
  Terence (D:2)
  Natasha (D:3)
  2 orcs (D:3)
4 creatures vanquished.

Grand Total: 47 creatures vanquished

Notes
Turn   | Place    | Note
-------+----------+-------------------------------------------
     0 | D:1      | r3xj the Deep Elf Wizard began the quest for the Orb.
     0 | D:1      | Reached XP level 1. HP: 10/10 MP: 7/7
   143 | D:1      | Reached XP level 2. HP: 12/15 MP: 0/9
   687 | D:1      | Reached XP level 3. HP: 2/19 MP: 1/11
  1102 | D:2      | Reached skill level 5 in Spellcasting
  1475 | D:2      | Found a snail-covered altar of Cheibriados.
  1505 | D:2      | Reached XP level 4. HP: 24/24 MP: 9/13
  1544 | D:2      | Noticed Terence
  1613 | D:1      | Learned a level 2 spell: Call Imp
  1617 | D:1      | Learned a level 3 spell: Mephitic Cloud
  1627 | D:2      | Killed Terence
  1945 | D:2      | Found a sparkling altar of Nemelex Xobeh.
  2137 | D:2      | Found a bloodstained altar of Trog.
  2234 | D:2      | Found a runed translucent door.
  2235 | D:2      | Noticed Crazy Yiuf
  2468 | D:3      | Noticed Natasha
  2477 | D:2      | Reached XP level 5. HP: 9/28 MP: 4/14
  2630 | D:3      | Killed Natasha
  2632 | D:3      | HP: 1/28 [ball python (1)]
  2633 | D:3      | Slain by a ball python

Levels and vault maps discovered:
D:1:      zaba_arrival_water, layout_rooms, hangedman_decor_opposing,
          item_on_display_a
D:2:      layout_rooms, old_standard_altar, marbit_many_paths,
          trog_butcher_becter, uniq_crazy_yiuf_cottage, uniq_terence
D:3:      layout_basic, nicolae_qazlal_eye_of_the_storm, first_ration,
          minivault_26, uniq_natasha

Skill      XL: |  1  2  3  4 |
---------------+-------------+-----
Dodging        | 3 |  3.3
Stealth        | 3 |  3.4
Conjurations   | 2 4 |  4.2
Spellcasting   | 5 |  5.0
Summonings     | |  1.1
Translocations | |  1.1

Action                   |  1- 3 |  4- 6 || total
-------------------------+-------+-------++-------
Melee: Whip              |    10 |       ||    10
 Cast: Magic Dart        |    85 |    59 ||   144
       Call Imp          |       |     7 ||     7
  Eat: Chunk             |     2 |     2 ||     4
Armor: Robe              |     5 |    14 ||    19
Dodge: Dodged            |    15 |    33 ||    48

Table legend:
 A = Non-vault XP
 B = Vault XP
 C = Vault XP percentage of total XP
 D = Non-vault monster count
 E = Vault monster count
 F = Vault count percentage of total count
                 A         B        C        D         E       F
            +---------+---------+-------+---------+---------+-------
      Total |     180 |      53 |  22.7 |      40 |       7 |  14.9
            +---------+---------+-------+---------+---------+-------
        D:1 |      41 |       0 |   0.0 |      15 |       0 |   0.0
        D:2 |     132 |      35 |  21.0 |      22 |       6 |  21.4
        D:3 |       7 |      18 |  72.0 |       3 |       1 |  25.0
            +---------+---------+-------+---------+---------+-------
